 Dungeon Crawl Stone Soup version 0.31-a0-40-g1d5085d191 (webtiles) character file.

Game seed: 3110541845709970083

70 lunkers the Digger (level 4, -1/35 HPs)
             Began as a Meteoran Wanderer on May 17, 2023.
             Slain by Robin
             ... wielding a +0 spear
              (3 damage)
             ... on level 3 of the Dungeon.
             The game lasted 00:02:05 (631 turns).

lunkers the Digger (Meteoran Wanderer)               Turns: 631, Time: 00:02:05

Health: -1/35      AC:  4    Str: 10    XL:     4   Next: 72%
Magic:  1/10       EV: 12    Int: 17    God:
Gold:   129        SH:  0    Dex: 15    Spells: 9/10 levels left

rFire   . . .        f - +4 dagger
rCold   . . .        (no shield)
rNeg    . . .        c - +0 robe
rPois   .            d - +0 helmet
rElec   .            (no cloak)
rCorr   .            (no gloves)
SInv    .            i - +0 pair of boots
Will    .....        (no amulet)
Stlth   +            (no ring)
HPRegen 0.25/turn    (no ring)
MPRegen 0.12/turn

%: no passive effects
@: glowing
A: sense surroundings 1, otherworldly, glowing, explore regen
a: no special abilities


You were on level 3 of the Dungeon.
You visited 1 branch of the dungeon, and saw 3 of its levels.

You collected 129 gold pieces.

Inventory:

Hand Weapons
 a - a +0 dagger
 f - a +4 dagger (weapon)
Armour
 c - a +0 robe (worn)
 d - a +0 helmet (worn)
 i - a +0 pair of boots (worn)
Scrolls
 h - 2 scrolls of identify {unknown}
 j - a scroll of magic mapping {unknown}
 k - a scroll of teleportation {unknown}
 l - a scroll of noise {unknown}
 m - a scroll of vulnerability {unknown}
Potions
 b - a potion of attraction
 e - a potion of haste {unknown}
 g - a potion of lignification {unknown}
 n - a potion of might {unknown}


   Skills:
 - Level 1.1 Fighting
 - Level 2.4 Dodging
 + Level 3.7 Spellcasting
 - Level 3.2 Ice Magic
 * Level 3.9 Earth Magic
 - Level 1.2 Evocations


You had 9 spell levels left.
You knew the following spells:

 Your Spells              Type           Power      Damage    Failure   Level
p - Sandblast             Erth           32%        2d9       3%          1

Your spell library contained the following spells:

 Spells                   Type           Power      Damage    Failure   Level
 Freeze                   Ice            56%        1d7       4%          1
 Ensorcelled Hibernation  Hex/Ice        16%        N/A       12%         2
 Stone Arrow              Conj/Erth      18%        3d8       22%         3
 Ice Form                 Ice/Tmut       8%         N/A       63%         4


Dungeon Overview and Level Annotations

Branches:
Dungeon (3/15) Zot: 1141

Altars:

Annotations:
D:3 Robin


Innate Abilities, Weirdness & Mutations

You passively map a small area around you.
You are easily found by Zot.
You glow in the dark.
You regain HP and MP as you explore.


Message History

Aim: Robin, wielding a +0 spear, wearing a +0 animal skin and wearing a +2 helmet (almost dead, 87% to hit)
The blast of sand hits the orc!
You kill the orc!
* * * LOW MAGIC WARNING * * *
The goblin no longer looks unusually strong.
The goblin hits you with a +0 dagger.
* * * LOW HITPOINT WARNING * * *
Robin roars a battlecry!
The goblins go into a battle-frenzy!
The goblin hits you but does no damage.
A gnoll comes into view. It is wielding a +0 spear.
The hobgoblin barely misses you.
The gnoll shouts!
You hear an angry hiss.
Aiming: Sandblast (safe; 3% risk of failure)
Press: ? - help, Q - select action Shift-Dir - straight line, f - goblin, p - Robin
Aim: a goblin, wielding a +0 dagger (strong, 77% to hit)
The blast of sand hits the goblin!
You kill the goblin!
* * * LOW MAGIC WARNING * * *
The hobgoblin hits you.
* * * LOW HITPOINT WARNING * * *
A gnoll comes into view. It is wielding a +0 flail.
Robin throws the goblin at you!
* * * LOW HITPOINT WARNING * * *
Aiming: Sandblast (safe; 3% risk of failure)
Press: ? - help, Q - select action Shift-Dir - straight line, f - goblin
Aim: a goblin, wielding a +0 dagger (strong, 77% to hit)
The blast of sand misses the goblin.
* * * LOW MAGIC WARNING * * *
The goblin no longer looks unusually strong.
The hobgoblin hits you.
* * * LOW HITPOINT WARNING * * *
Robin roars a battlecry!
The goblin goes into a battle-frenzy!
The goblin hits you with a +0 dagger.
* * * LOW HITPOINT WARNING * * *
The hobgoblin hits you.
* * * LOW HITPOINT WARNING * * *
Robin hits you from afar with a +0 spear.
You die...

* ** ** ### * ,,
..# * ** #.# ,*
#######.# * *
#.......#
,####.#####.# *,* ,
#........#.#######
, *
#g##.###.<#.......
#@##.# ###.######.
#g##.# #.## #. ,*
#og##.#####..# #.
#.###........#####.
*
#g**###............
,


*gg #.####.#####. ,#gg #.# #..# #. , ,#.. * #.# #.## #. * ... #.# #.# #. You
could see Robin, 3 gnolls, an orc, 2 hobgoblins and 2 goblins.

Vanquished Creatures
  2 adders (D:2)
  A dart slug (D:2)
  An orc (D:3)
  2 ball pythons
  A bat (D:1)
  8 endoplasms
  A giant cockroach (D:2)
  10 goblins
  5 hobgoblins
  2 jackals (D:1)
  2 quokkas (D:1)
  3 frilled lizards
  2 kobolds (D:2)
  A rat (D:1)
41 creatures vanquished.

Notes
Turn   | Place    | Note
-------+----------+-------------------------------------------
     0 | D:1      | lunkers the Meteoran Wanderer began the quest for the Orb.
     0 | D:1      | lunkers set off with the following items: a +0 dagger, a
                  | potion of attraction, a +0 robe, a +0 helmet; and the
                  | following spells available to memorise: Freeze, Sandblast,
                  | Ensorcelled Hibernation, Stone Arrow, Ice Form.
     0 | D:1      | Reached XP level 1. HP: 16/16 MP: 5/5
    21 | D:1      | Learned a level 1 spell: Sandblast
    88 | D:1      | Reached XP level 2. HP: 23/23 MP: 4/6
   174 | D:1      | Reached XP level 3. HP: 24/28 MP: 6/8
   515 | D:2      | Reached XP level 4. HP: 35/35 MP: 7/10
   617 | D:3      | Noticed Robin
   631 | D:3      | Slain by Robin

Illustrated notes

Levels and vault maps discovered:
D:1:      lemuel_arrival_room, layout_loops_ring, serial_shops,
          nicolae_shop_statue_plus, serial_bayou_pond_b, minivault_4
D:2:      layout_rooms, serial_rivers, chequers_serial_rivers_micro_d,
          chequers_serial_rivers_micro_b, chequers_serial_rivers_small_3,
          chequers_serial_rivers_micro_e, corexii_item_surrounded_by_moat
D:3:      layout_loops_ring, uniq_robin

Skill      XL: |  1  2  3 |
---------------+----------+-----
Earth Magic    | 2 3 |  3.9
Spellcasting   | 3 |  3.7
Fighting       | |  1.1
Dodging        | |  2.4
Ice Magic      | |  3.2
Evocations     | |  1.2

Action                     |  1- 3 |  4- 6 || total
---------------------------+-------+-------++-------
  Melee: Dagger            |    10 |     8 ||    18
         Punch             |       |     1 ||     1
   Cast: Sandblast         |    33 |    12 ||    45
 Armour: Robe              |     4 |     6 ||    10
  Dodge: Dodged            |    11 |    11 ||    22

Table legend: (Time is in decaauts)
 A = Elapsed time spent in this place.
 B = Non-inter-level travel time spent in this place.
 C = Inter-level travel time spent in this place.
 D = Time resting spent in this place.
 E = Time spent auto-exploring this place.
 F = Levels seen in this place.
 G = Mean time per level.
                   A        B        C        D        E       F      G
               +--------+--------+--------+--------+--------+-----+--------+
         Total |    657 |    648 |      9 |      0 |    448 |   3 |  219.0 |
       Dungeon |    657 |    648 |      9 |      0 |    448 |   3 |  219.0 |
               +--------+--------+--------+--------+--------+-----+--------+

Top non-repeatable levels by time:
     D:2: 298 daAuts
     D:1: 274 daAuts
     D:3: 84 daAuts
